 Dungeon Sprint DCSS version 0.17-a0-1262-gd250d98 (webtiles) character file.

3864 Kidiri the Unseen (level 9, 0/47 (49) HPs)
             Began as a Spriggan Assassin on June 6, 2015.
             Succumbed to a death drake's dark miasma
             ... in the Dungeon (Sprint II: "The Violet Keep of Menkaure").
             The game lasted 00:13:57 (1301 turns).

Kidiri the Unseen (Spriggan Assassin)               Turns: 1301, Time: 00:13:57

HP:   0/47 (49)     AC:  3    Str:  7    XL:     9   Next: 99%
MP:   21/21         EV: 32    Int: 13    God:
Gold: 294           SH:  0    Dex: 20    Spells: 5 memorised, 10 levels left

rFire  . . .     SeeInvis +     a - +2 dagger
rCold  . . .     Clarity  .     c - +0 robe
rNeg   . . .     SustAt   .     (shield restricted)
rPois  .         Gourm    .     (helmet restricted)
rElec  .         Spirit   .     d - +0 cloak
rCorr  .         Warding  .     (gloves unavailable)
rMut   .         NoTele   +     (boots unavailable)
MR     +....                    (no amulet)
Stlth  ++++++++..               (no ring)
                                (no ring)

@: lethally poisoned (0 -> -60), very slightly contaminated, non-regenerating,
diseased, hasted and slowed, very quick, somewhat resistant to hostile
enchantments, extraordinarily stealthy
A: unfitting armour, see invisible, herbivore 3, speed 3, slow metabolism 2
a: no special abilities


You were in the Dungeon.
You were not hungry.

You visited 1 branch You collected 1253 gold pieces.
You spent 959 gold pieces at shops.

Inventory:

Hand weapons
 a - a +2 dagger (weapon)
 b - a +0 blowgun
 n - the +1 blowgun of the Land of Plenty {speed, rElec MR+ MP+9 Int-2}
   (You bought it in a shop in the Dungeon)

   Attacks with this weapon are significantly faster.
   It affects your intelligence (-2).
   It insulates you from electricity.
   It affects your resistance to hostile enchantments.
   It affects your magic capacity (+9).
Armour
 c - a +0 robe (worn)
 d - a +0 cloak (worn)
 e - a fire dragon hide
Scrolls
 m - a scroll of blinking
 p - 3 scrolls of magic mapping
Potions
 k - 2 potions of magic
Books
 q - a book of Maledictions

   Spells                             Type                      Level
   a - Corona                         Hexes                        1
   b - Ensorcelled Hibernation        Hexes/Ice                    2
   c - Confuse                        Hexes                        3
   d - Tukima's Dance                 Hexes                        3
   e - Dazzling Spray                 Conjuration/Hexes            3
Comestibles
 g - a bread ration


   Skills:
 + Level 6.5 Fighting
 * Level 11.8 Short Blades
 + Level 8.4 Throwing
 * Level 14.6 Dodging
 * Level 16.4 Stealth
 * Level 7.4 Spellcasting
 + Level 4.9 Hexes
 + Level 3.3 Ice Magic
 + Level 5.5 Evocations


You had 10 spell levels left.
You knew the following spells:

 Your Spells              Type           Power        Failure   Level  Hunger
a - Corona                Hex            ###....      1%          1    None
b - Ensorcelled Hibernat  Hex/Ice        ###...       4%          2    #......
c - Confuse               Hex            ###.....     8%          3    ##.....
d - Tukima's Dance        Hex            ###.....     8%          3    ##.....
e - Dazzling Spray        Conj/Hex       ##......     17%         3    ##.....


Dungeon Overview and Level Annotations

Branches:
Dungeon (1/1)

Altars:
Elyvilon
Fedhas
Gozag
Kikubaaqudgha
Makhleb
Sif Muna
Vehumet
Xom
Yredelemnul
Zin
The Shining One
Jiyva

Shops:
D [:[(=%=}[::(:!?!

Annotations:
D exclusion: oklob plant


Innate Abilities, Weirdness & Mutations

You are tiny and cannot use many weapons and most armour.
You have supernaturally acute eyesight.
You are a herbivore.
You cover ground extremely quickly.
You need consume almost no food.


Message History

You are lethally poisoned!
You feel your flesh rotting away!
You feel ill.
You feel very sick.
You are engulfed in dark miasma.
You are more poisoned.
* * * LOW HITPOINT WARNING * * *
You feel very sick.
Unknown command.
Really walk into a travel-excluded area?
* * * LOW HITPOINT WARNING * * *
You feel very sick.
Drink which item? (? for menu, Esc to quit)
You feel yourself speed up.
* * * LOW HITPOINT WARNING * * *
You feel very sick.
You are very lightly contaminated with residual magic.
You hit the death drake.
The death drake is lightly wounded.
You die...

.......#..'....#§.#,,*,,,,,,,,**,
##'##..#./####.#kk#,,*,,,,,,,,**,
#.#.##.####..'.##k#,,*,,,,,,,,**,
..#..#....#..#..§##***,,,,,,,,**,
#.#.####..#####÷.#*,**,,,,,,,,**,
##'###.##..#..'.8#,,**,,,,,,,,**,
##.##...#..#..#..#,,#*,,,,,,,,**,
'.<.')#.'..####.k##.#*,,,,,,,,**,
##.##...#....###@..##▓▓*****+****
##'###.##≈.....≈≈≈≈≈≈≈≈≈≈≈≈≈,,,≈≈
#.#.####≈≈.....≈#+######**+***,≈,
..#.%#≈≈≈≈§§≈..≈#....._._*≈≈≈**≈≈
##.###≈≈§≈≈≈≈≈§≈#...._._,*≈≈≈≈***
##'##≈≈≈≈≈§≈§≈≈≈#..._._._*≈≈≈≈≈**
≈≈≈≈≈≈≈§≈§≈≈§§≈≈#.._._._,*≈≈≈≈≈≈*
++#+++#≈≈≈≈§§§§§#.⌠._._._*≈≈≈≈≈≈+
≈;;§§≈##≈≈≈###§§#.._._._,*≈≈≈≈≈≈*


You could see 2 death drakes, a crystal guardian and a swamp drake.

Vanquished Creatures
  A kraken (D)
  A fire dragon (D)
  A siren (D)
  2 boulder beetles (D)
  3 yaks (D)
  2 wyverns (D)
  Menkaure (D)
  A scorpion (D)
  4 worker ants (D)
  3 worms (D)
19 creatures vanquished.

Vanquished Creatures (others)
  51 tentacles (D)
  438 tentacle segments (D)
489 creatures vanquished.

Grand Total: 508 creatures vanquished

Notes
Turn   | Place    | Note
--------------------------------------------------------------
     0 | D        | Kidiri the Spriggan Assassin began the quest for the Orb.
     0 | D        | Reached XP level 1. HP: 10/10 MP: 2/2
     4 | D        | Reached skill level 6 in Stealth
    12 | D        | Found Laihio Dedidd's Distillery.
    12 | D        | Found Jezeun Xyaph's Distillery.
    12 | D        | Found Xoriaziv's Book Shoppe.
    12 | D        | Found Nuzullen's Book Shoppe.
    12 | D        | Found Guxtow's Magic Scroll Shoppe.
    12 | D        | Found Munodiec's Antique Armour Emporium.
    12 | D        | Found Itzummon's Antique Weapon Emporium.
    12 | D        | Found Benisid's Gadget Shoppe.
    14 | D        | Reached XP level 2. HP: 13/15 MP: 3/3
    57 | D        | Noticed a boulder beetle
    57 | D        | Noticed a boulder beetle
    61 | D        | Noticed a siren
    85 | D        | Killed a siren
    85 | D        | Reached skill level 7 in Short Blades
    85 | D        | Reached skill level 5 in Throwing
    85 | D        | Reached skill level 10 in Dodging
    85 | D        | Reached skill level 11 in Stealth
    85 | D        | Reached XP level 3. HP: 14/21 MP: 4/4
    85 | D        | Reached XP level 4. HP: 16/25 MP: 5/5
    85 | D        | Reached XP level 5. HP: 18/29 MP: 6/6
    85 | D        | Reached XP level 6. HP: 20/33 MP: 7/7
   207 | D        | Noticed a worker ant
   207 | D        | Noticed a worker ant
   207 | D        | Noticed a worker ant
   207 | D        | Noticed a worker ant
   210 | D        | Killed a worker ant
   210 | D        | Reached skill level 12 in Stealth
   211 | D        | Killed a worker ant
   215 | D        | Killed a worker ant
   222 | D        | Killed a worker ant
   251 | D        | Killed a boulder beetle
   251 | D        | Reached skill level 13 in Stealth
   251 | D        | Reached XP level 7. HP: 36/38 MP: 8/8
   259 | D        | Killed a boulder beetle
   259 | D        | Reached skill level 5 in Fighting
   284 | D        | Noticed an obsidian statue
   286 | D        | Noticed Menkaure
   288 | D        | Killed Menkaure
   288 | D        | Reached skill level 14 in Stealth
   307 | D        | Noticed a kraken
   323 | D        | Noticed an electric eel
   323 | D        | Noticed an electric eel
   323 | D        | Noticed an electric eel
   324 | D        | Noticed an electric eel
   325 | D        | Noticed an electric eel
   326 | D        | Noticed an electric eel
   326 | D        | Noticed an electric eel
   326 | D        | Noticed an electric eel
   335 | D        | Noticed a scorpion
   337 | D        | Killed a scorpion
   337 | D        | Reached XP level 8. HP: 43/43 MP: 9/9
   344 | D        | Found Deyckib's Book Emporium.
   347 | D        | Found Emeeq's Jewellery Emporium.
   347 | D        | Found Qusoofih's Food Shoppe.
   348 | D        | Found Ytwol's Jewellery Shoppe.
   348 | D        | Noticed an unseen horror
   352 | D        | Found Qutimief's Antique Weapon Shoppe.
   352 | D        | Found Heyvum's Antique Armour Emporium.
   352 | D        | Noticed an unseen horror
   352 | D        | Noticed an oklob plant
   353 | D        | Found Cawyi's Antique Armour Shoppe.
   353 | D        | Found Tyng's Book Shoppe.
   353 | D        | Noticed a slime creature
   354 | D        | Noticed a slime creature
   359 | D        | Noticed a soldier ant
   380 | D        | Noticed a slime creature
   381 | D        | Noticed a soldier ant
   384 | D        | Noticed a soldier ant
   388 | D        | Bought a transparent blowgun for 210 gold pieces
   388 | D        | Identified the cursed +1 blowgun of the Land of Plenty {speed, rElec MR+ MP+9 Int-2} (You bought it in a shop in the Dungeon)
   397 | D        | Bought a scroll of remove curse for 42 gold pieces
   397 | D        | Bought 3 scrolls of magic mapping for 147 gold pieces
   407 | D        | Bought a wand of frost (38) for 260 gold pieces
   412 | D        | Bought a book of Maledictions for 300 gold pieces
   420 | D        | Learned a level 1 spell: Corona
   423 | D        | Learned a level 2 spell: Ensorcelled Hibernation
   427 | D        | Learned a level 3 spell: Confuse
   833 | D        | Killed a kraken
   833 | D        | Reached skill level 15 in Stealth
   833 | D        | Reached skill level 5 in Spellcasting
   833 | D        | Reached XP level 9. HP: 32/48 MP: 9/18
   988 | D        | Learned a level 3 spell: Tukima's Dance
   992 | D        | Learned a level 3 spell: Dazzling Spray
   997 | D        | Found a radiant altar of Vehumet.
   998 | D        | Found a glowing golden altar of the Shining One.
   998 | D        | Found a burning altar of Makhleb.
   998 | D        | Found a shimmering altar of Xom.
   999 | D        | Found an ancient bone altar of Kikubaaqudgha.
   999 | D        | Found a viscous altar of Jiyva.
   999 | D        | Found a white marble altar of Elyvilon.
  1000 | D        | Found a glowing silver altar of Zin.
  1000 | D        | Found a deep blue altar of Sif Muna.
  1000 | D        | Found a basalt altar of Yredelemnul.
  1001 | D        | Found an opulent altar of Gozag.
  1001 | D        | Found a blossoming altar of Fedhas.
  1004 | D        | Noticed a wyvern
  1005 | D        | Noticed a wyvern
  1006 | D        | Killed a wyvern
  1008 | D        | Killed a wyvern
  1019 | D        | Noticed a yak
  1020 | D        | Noticed a yak
  1020 | D        | Noticed a yak
  1028 | D        | Killed a yak
  1032 | D        | Killed a yak
  1037 | D        | Killed a yak
  1037 | D        | Reached skill level 16 in Stealth
  1037 | D        | Reached skill level 5 in Evocations
  1133 | D        | Noticed a swamp drake
  1246 | D        | Noticed a fire dragon
  1250 | D        | Killed a fire dragon
  1284 | D        | Noticed a deep elf master archer
  1288 | D        | Noticed a death drake
  1289 | D        | Noticed a death drake
  1289 | D        | Noticed a crystal guardian
  1289 | D        | Noticed a swamp drake
  1300 | D        | HP: 2/47 [poisoned by a death drake (dark miasma)]
  1301 | D        | Succumbed to a death drake's dark miasma

Vault maps used:
D:        the_violet_keep_of_menkaure

Action                   |  1- 3 |  4- 6 |  7- 9 || total
-------------------------+-------+-------+-------++-------
Melee: Dagger            |    14 |     5 |    42 ||    61
 Fire: Blowgun           |    10 |     4 |     8 ||    22
 Cast: Ensorcelled Hiber |       |       |    10 ||    10
Evoke: Wand              |       |       |    38 ||    38
  Use: Potion            |       |       |     4 ||     4
       Scroll            |       |       |     2 ||     2
 Stab: Sleeping          |     3 |     4 |     9 ||    16
       Fleeing           |       |       |     1 ||     1
